 Dungeon Crawl Stone Soup version 0.28.0 (webtiles) character file.

Game seed: 14705180151050017850

688 dorian the Gusty (level 7, 0/36 HPs)
             Began as a Tengu Air Elementalist on Feb 11, 2022.
             Slain by a centaur warrior zombie (1 damage)
             ... on level 6 of the Dungeon.
             The game lasted 00:07:45 (5430 turns).

dorian the Gusty (Tengu Air Elementalist)           Turns: 5430, Time: 00:07:45

Health: 0/36       AC:  3    Str:  7    XL:     7   Next: 62%
Magic:  2/13       EV: 15    Int: 23    God:
Gold:   282        SH:  0    Dex: 22    Spells: 10/13 levels left

rFire   . . .      SeeInvis .   i - +6 hand axe of Pamuchom {pain, rN+ Str-2 Dex+8 Stlth+}
rCold   . . .      Faith    .   (no shield)
rNeg    + . .      Spirit   .   a - +0 robe
rPois   .          Reflect  .   (helmet restricted)
rElec   .          Harm     .   q - +0 cloak
rCorr   .          Rampage  .   (no gloves)
Will    +....                   (boots unavailable)
Stlth   +++.......              (no amulet)
HPRegen 0.12/turn               n - +6 ring of intelligence
MPRegen 0.13/turn               k - ring of willpower

@: flying quickly and evasively, quick
A: beak, talons 3, nimble flight
a: no special abilities


You were on level 6 of the Dungeon.
You visited 1 branch of the dungeon, and saw 6 of its levels.

You collected 282 gold pieces.

Inventory:

Hand Weapons
 i - the +6 hand axe of Pamuchom (weapon) {pain, rN+ Str-2 Dex+8 Stlth+}
   (You took it off a kobold on level 3 of the Dungeon)

   In the hands of one skilled in necromantic magic, it inflicts extra damage on
   living creatures.
   Str:       It affects your strength (-2).
   Dex:       It affects your dexterity (+8).
   rN:        It protects you from negative energy.
   Stlth:     It makes you more stealthy.
Armour
 a - a +0 robe (worn)
 q - a +0 cloak (worn)
Magical Staves
 l - a staff of cold
Jewellery
 k - a ring of willpower (right hand)
 n - a +6 ring of intelligence (left hand)
Wands
 d - a wand of iceblast (2)
 o - a wand of flame (11)
 s - a wand of mindburst (11)
Scrolls
 c - a scroll of vulnerability {unknown}
 e - a scroll of amnesia {unknown}
 f - a scroll of teleportation {unknown}
 h - a scroll of magic mapping {unknown}
 j - a scroll of immolation {unknown}
 r - a scroll of fog {unknown}
Potions
 b - 3 potions of curing {unknown}
 g - a potion of berserk rage {unknown}
 m - a potion of resistance {unknown}
 p - a potion of haste {unknown}
 t - a potion of brilliance {unknown}


   Skills:
 - Level 2.1 Dodging
 - Level 2.0 Stealth
 + Level 3.7 Spellcasting
 * Level 6.8 Conjurations
 * Level 7.8 Air Magic


You had 10 spell levels left.
You knew the following spells:

 Your Spells              Type           Power      Damage    Failure   Level
a - Shock                 Conj/Air       100%       1d9       1%          1
b - Static Discharge      Conj/Air       38%        N/A       1%          2

Your spell library contained the following spells:

 Spells                   Type           Power      Damage    Failure   Level
 Swiftness                Air            40%        N/A       1%          3
 Airstrike                Air            20%        N/A       4%          4


Dungeon Overview and Level Annotations

Branches:
Dungeon (6/15)
 Temple: D:4-7

Altars:
Cheibriados
Makhleb
Nemelex Xobeh
Ru
Sif Muna
Trog
Wu Jian


Innate Abilities, Weirdness & Mutations

You have a beak for a mouth.
You have claws for feet.
Your magical nature lets you fly swiftly and evasively.


Message History

The centaur warrior zombie misses you. The centaur warrior zombie kicks you.
Casting: Static Discharge (safe; 1% risk of failure)
Confirm with . or Enter, or press ? or * to list all spells.
The centaur warrior zombie is struck by an arc of lightning.
The centaur warrior zombie is severely damaged.
You are struck by an arc of lightning.
The centaur warrior zombie is struck by an arc of lightning.
The centaur warrior zombie is severely damaged.
The lightning grounds out.
The centaur warrior zombie hits you.
The centaur warrior zombie barely misses you.
Casting: Static Discharge (safe; 1% risk of failure)
Confirm with . or Enter, or press ? or * to list all spells.
The centaur warrior zombie is struck by an arc of lightning.
The centaur warrior zombie is severely damaged.
You are struck by an arc of lightning.
The centaur warrior zombie is struck by an arc of lightning.
The centaur warrior zombie is severely damaged.
The lightning grounds out.
The centaur warrior zombie hits you.
The centaur warrior zombie closely misses you.
Casting: Static Discharge (safe; 1% risk of failure)
Confirm with . or Enter, or press ? or * to list all spells.
You don't have enough magic to cast this spell.
Unknown command.
You are too injured to fight recklessly!
You are too injured to fight recklessly!
You are too injured to fight recklessly!
You hit the centaur warrior zombie. You claw the centaur warrior zombie.
The centaur warrior zombie is almost destroyed.
The centaur warrior zombie hits you but does no damage.
The centaur warrior zombie kicks you but does no damage.
The centaur warrior zombie hits you. The centaur warrior zombie misses you.
You hit the centaur warrior zombie.
You peck the centaur warrior zombie, but do no damage.
The centaur warrior zombie is almost destroyed.
The centaur warrior zombie barely misses you.
The centaur warrior zombie completely misses you.
The centaur warrior zombie hits you!
* * * LOW HITPOINT WARNING * * *
The centaur warrior zombie kicks you.
You die...

........#....#
#..........##.#
.........####.#
#>.....#...##.####
...##.####.......# .
#.###.# ##...##.## ...
#.#...###<......#
.....#Z#.##......##..###
.......@......#.####.#..
.>...#..###..)..# #..[.
#......## #.....# ###..
. #... #.....# #.. ....#
#...#.# #.. ..##.
#...#.######.. .## #.
.............. ..
.#...........##
#.....<.#


You could see a centaur warrior zombie.

Vanquished Creatures
  2 phantoms (D:5)
  A scorpion (D:4)
  A howler monkey (D:4)
  A bullfrog zombie (D:5)
  A centaur skeleton (D:5)
  2 orc priests (D:3)
  2 hounds
  A scorpion zombie (D:5)
  A hound zombie (D:5)
  A hound skeleton (D:4)
  7 gnolls
  3 adders
  An adder skeleton (D:4)
  3 worms
  3 dart slugs
  15 orcs
  5 ball pythons
  7 endoplasms
  A giant cockroach (D:2)
  4 goblins
  6 hobgoblins
  8 jackals
  7 kobolds
  A quokka (D:3)
  7 bats
  4 frilled lizards
  3 rats (D:1)
98 creatures vanquished.

Notes
Turn   | Place    | Note
-------+----------+-------------------------------------------
     0 | D:1      | dorian the Tengu Air Elementalist began the quest for the
                  | Orb.
     0 | D:1      | Reached XP level 1. HP: 10/10 MP: 4/4
    94 | D:1      | Reached XP level 2. HP: 15/15 MP: 3/6
   560 | D:1      | Reached XP level 3. HP: 19/19 MP: 0/7
   752 | D:1      | Found a faded altar of an unknown god.
  1150 | D:2      | Learned a level 2 spell: Static Discharge
  1341 | D:2      | Reached skill level 5 in Air Magic
  1513 | D:2      | Reached XP level 4. HP: 19/24 MP: 2/8
  2513 | D:3      | Gained mutation: Your magical nature lets you fly swiftly
                  | and evasively. [Tengu growth]
  2513 | D:3      | Reached XP level 5. HP: 26/28 MP: 4/10
  2844 | D:3      | Found a snail-covered altar of Cheibriados.
  2845 | D:3      | Found a sparkling altar of Nemelex Xobeh.
  2846 | D:3      | Found a shimmering blue altar of Sif Muna.
  2846 | D:3      | Found a sacrificial altar of Ru.
  2849 | D:3      | Found a burning altar of Makhleb.
  2852 | D:3      | Found a bloodstained altar of Trog.
  2889 | D:3      | Identified the +6 hand axe of Pamuchom {pain, rN+ Str-2
                  | Dex+8 Stlth+}
  2985 | D:3      | Reached skill level 6 in Air Magic
  3557 | D:4      | Reached XP level 6. HP: 32/32 MP: 8/11
  3712 | D:4      | Found an ornate altar of the Wu Jian Council.
  3738 | D:4      | Reached skill level 5 in Conjurations
  4609 | D:5      | Entered Level 5 of the Dungeon
  4673 | D:5      | Reached skill level 7 in Air Magic
  4673 | D:5      | Reached XP level 7. HP: 36/36 MP: 4/13
  5430 | D:6      | HP: 1/36 [centaur warrior zombie (11)]
  5430 | D:6      | Slain by a centaur warrior zombie

Illustrated notes

Levels and vault maps discovered:
D:1:      lightli_arrival_lavapool, layout_basic,
          dreamdust_ecumenical_altar_angels_and_demons
D:2:      layout_loops_ring
D:3:      layout_basic, minitemple
D:4:      layout_basic, nzn_wu_jian_contemplation, nicolae_elevator_lobby_plus
D:5:      layout_rooms
D:6:      layout_rooms

Skill      XL: |  1  2  3  4  5  6 |
---------------+-------------------+-----
Conjurations   | 2 3 4 6 |  6.8
Air Magic      | 5 6 7 |  7.8
Spellcasting   | 3 |  3.7
Dodging        | |  2.1
Stealth        | |  2.0

Action                   |  1- 3 |  4- 6 |  7- 9 || total
-------------------------+-------+-------+-------++-------
Melee: Unarmed           |    26 |     5 |       ||    31
       Kick              |     8 |     2 |     3 ||    13
       Peck              |     3 |     1 |     4 ||     8
       Hand axe          |       |     1 |     9 ||    10
 Cast: Shock             |    73 |   114 |    31 ||   218
       Static Discharge  |       |     6 |    10 ||    16
Armor: Robe              |     8 |     1 |     5 ||    14
Dodge: Dodged            |    20 |    13 |    16 ||    49
